 Dungeon Crawl Stone Soup version 0.30.1-9-gdf580d7c3d (webtiles) character file.

Game seed: 10115654166852497309

1 Koog the Grave Robber (level 1, -1/13 HPs)
             Began as a Mummy Necromancer on Oct 6, 2023.
             Slain by an endoplasm (2 damage)
             ... on level 2 of the Dungeon.
             The game lasted 00:04:03 (158 turns).

Koog the Grave Robber (Mummy Necromancer)            Turns: 158, Time: 00:04:04

Health: -1/13      AC:  2    Str: 11    XL:     1   Next: 16%
Magic:  4/4        EV: 12    Int: 14    God:
Gold:   17         SH:  0    Dex: 12    Spells: 4/5 levels left

rFire   x . .        (no weapon)
rCold   + . .        (no shield)
rNeg    + + +        a - +0 robe
rPois   ∞            (no helmet)
rElec   .            (no cloak)
rCorr   .            (no gloves)
SInv    .            (no boots)
Will    .....        (no amulet)
Stlth   ++           (no ring)
HPRegen 0.22/turn    (no ring)
MPRegen 0.09/turn

%: faith
@: weak-willed
A: cold resistance 1, negative energy resistance 3, torment resistance 2, heat
vulnerability 1, no potions, faith
a: no special abilities


You were on level 2 of the Dungeon.
You visited 1 branch of the dungeon, and saw 2 of its levels.

You collected 17 gold pieces.

Inventory:

Armour
 a - a +0 robe (worn)
 c - a +0 robe
Potions
 b - a potion of mutation {unknown}


   Skills:
 + Level 1.5 Dodging
 + Level 1.5 Stealth
 + Level 2.6 Spellcasting
 + Level 4.0 Necromancy


You had 4 spell levels left.
You knew the following spells:

 Your Spells              Type           Power      Damage    Failure   Level
a - Necrotise             Necr           52%        1d6       4%          1

Your spell library contained the following spells:

 Spells                   Type           Power      Damage    Failure   Level
 Vampiric Draining        Necr           13%        2d6       12%         3
 Animate Dead             Necr           13%        N/A       38%         4
 Agony                    Necr           13%        N/A       75%         5


Dungeon Overview and Level Annotations

Branches:
Dungeon (2/15)

Altars:

Shops:
D:2 (


Innate Abilities, Weirdness & Mutations

You are immune to poison.
Your flesh is cold resistant. (rC+)
You are immune to negative energy. (rN+++)
You are immune to unholy pain and torment.
You are vulnerable to heat. (rF-)
You do not drink.
You have a special connection with the divine. (Faith)


Message History

The bat attacks as you move away! The bat closely misses you.
The bat barely misses you. The bat attacks as you move away!
The bat completely misses you. The bat closely misses you.
Found Ehoene's Weapon Emporium.
You see here a scroll labelled DAAR LITOOR.
The endoplasm attacks as you move away! The endoplasm barely misses you.
The bat attacks as you move away! The bat misses you.
The bat hits you but does no damage. The endoplasm misses you.
The bat barely misses you.
You see here a scroll labelled DAAR LITOOR.
d - a scroll labelled DAAR LITOOR The bat hits you.
The endoplasm freezes you.
You are frozen.
You resist.
As you read the scroll labelled DAAR LITOOR, it crumbles to dust.
Magic quickly surges around you.
It was a scroll of vulnerability.
The bat hits you. The bat misses you. The endoplasm hits you.
You hit the endoplasm.
The endoplasm is moderately wounded.
The bat closely misses you. The endoplasm freezes you.
You are frozen.
You resist.
You hit the endoplasm.
The endoplasm is heavily wounded.
The bat misses you. The endoplasm hits you.
* * * LOW HITPOINT WARNING * * *
You hit the endoplasm but do no damage.
The endoplasm is heavily wounded.
The endoplasm freezes you.
You are frozen.
You resist.
* * * LOW HITPOINT WARNING * * *
The bat barely misses you. The endoplasm closely misses you.
The endoplasm attacks as you move away! The endoplasm hits you.
* * * LOW HITPOINT WARNING * * *
The bat misses you. The bat barely misses you.
You closely miss the bat. The bat barely misses you. The endoplasm hits you.
You die...

...... . ..#.....#..
########.........# #
##...............# .#.
........#........##### ##...
.....................##.....
......................#..#
.∩......................#
#......J@...$.......##
.............b.........#
###....................##.##
#.........................#
#.#######.##.........#.....
# #.##.........##..##
#...............###
.....#...<........... ....
#..............#


You could see an endoplasm (weak-willed) and a bat (weak-willed).

Vanquished Creatures
  An endoplasm (D:2)
1 creature vanquished.

Notes
Turn   | Place    | Note
-------+----------+-------------------------------------------
     0 | D:1      | Koog the Mummy Necromancer began the quest for the Orb.
     0 | D:1      | Reached XP level 1. HP: 13/13 MP: 4/4
   147 | D:2      | Found Ehoene's Weapon Emporium.
   158 | D:2      | Slain by an endoplasm

Illustrated notes

Levels and vault maps discovered:
D:1:      lightli_arrival_flooded_house, layout_basic,
          hangedman_decor_diamond_cutter, roderic_lattice_a
D:2:      layout_rooms, serial_shops, shop, dk_vineyard_1

Action                     || total
---------------------------++-------
  Melee: Unarmed           ||    16
    Use: Scroll            ||     2
 Armour: Robe              ||     7
  Dodge: Dodged            ||    27
